AoeStats
← BudgetBench6953

Arena

510311951Analyzed
1v1 RM · 18h ago on Sep 30, 2026· 58m 41s· 2 players
Game mode
Random Map
Map size
Tiny (2 player)
Population
200
Speed
Normal
Resources
Standard
Victory
Conquest
Starting age
Dark Age
Ending age
Imperial Age
RankedLock teamsTeams togetherTeam positionsShared explorationLock speedFull tech treeHidden civsTurbo modeCheats
Victory
Defeat
🇧🇷 Britons · Brazil
932
+15
🇺🇸 Bulgarians · United States
918
-15
BudgetBench6953
8:51 Loom
10:53 Feudal Age
14:58 Castle Age
17:37 Scale Barding Armor
22:24 Fletching
25:21 Double-Bit Axe
35:48 Imperial Age
33:54 Squires
34:24 Scale Mail Armor
41:41 Forging
43:47 Capped Ram
48:06 Light Cavalry
50:36 Town Watch
52:28 Chain Barding Armor
53:43 Plate Barding Armor
54:27 Wheelbarrow
55:34 Husbandry
55:31 Horse Collar
56:19 Bloodlines
56:30 Cavalier
57:53 Conscription
pppppp #vqen
10:26 Feudal Age
15:54 Castle Age
14:36 Double-Bit Axe
16:12 Gold Mining
16:16 Horse Collar
19:54 Loom
22:54 Fletching
34:36 Bow Saw
43:18 Imperial Age
41:42 Bodkin Arrow
41:48 Padded Archer Armor
43:36 Ballistics
44:00 Wheelbarrow
44:24 Conscription
45:23 Crossbowman
47:43 Chemistry
46:45 Bracer
46:45 Arbalester
51:33 Leather Archer Armor
54:04 Yeomen
54:07 Conscription
56:40 Gold Shaft Mining
56:27 Hand Cart
57:25 Ring Archer Armor
Connection lost

Rejoining the realm…

Still unreachable

The connection could not be restored.

Session expired

The server has moved on; the page needs a fresh start.